AoeStats
← DonTune

Arabian Desert

510143922Analyzed
1v1 RM · 4d ago on Sep 29, 2026· 47m 0s· 2 players
Game mode
Random Map
Map size
Tiny (2 player)
Population
200
Speed
Normal
Resources
Standard
Victory
Conquest
Starting age
Dark Age
Ending age
Imperial Age
RankedLock teamsTeams togetherTeam positionsShared explorationLock speedFull tech treeHidden civsTurbo modeCheats
Victory
Defeat
🇨🇭 Tatars · Switzerland
1206
+15
🇦🇷 Persians · Argentina
1188
-15
BLEKE
6:39 Loom
9:06 Feudal Age
9:49 Double-Bit Axe
23:35 Castle Age
21:54 Fletching
22:45 Bloodlines
24:02 Bodkin Arrow
24:10 Husbandry
24:19 Thumb Ring
24:23 Horse Collar
28:34 Ballistics
28:24 Padded Archer Armor
31:50 Leather Archer Armor
33:53 Wheelbarrow
33:03 Town Watch
37:09 Imperial Age
35:54 Elite Skirmisher
38:00 Ring Archer Armor
38:42 Chemistry
38:16 Heavy Cavalry Archer
44:02 Light Cavalry
DonTune
9:28 Loom
11:37 Feudal Age
12:34 Double-Bit Axe
20:17 Castle Age
21:51 Scale Barding Armor
21:38 Fletching
23:35 Elite Skirmisher
24:14 Bodkin Arrow
24:47 Forging
25:17 Chain Barding Armor
25:06 Husbandry
28:39 Horse Collar
29:33 Padded Archer Armor
31:48 Wheelbarrow
30:59 Town Watch
32:02 Gold Mining
33:31 Ballistics
34:32 Leather Archer Armor
36:39 Hand Cart
41:08 Imperial Age
39:06 Bow Saw
38:58 Treadmill Crane
39:29 Masonry
40:03 Bloodlines
40:38 Iron Casting
40:29 Light Cavalry
41:11 Silk Armor
41:59 Bracer
43:13 Conscription
43:40 Plate Barding Armor
43:55 Heavy Cavalry Archer
Connection lost

Rejoining the realm…

Still unreachable

The connection could not be restored.

Session expired

The server has moved on; the page needs a fresh start.